 Dungeon Crawl Stone Soup version 0.27.1 (webtiles) character file.

Game seed: 16123226464926157657

4155 funkygono the Basher (level 10, -4/98 HPs)
             Began as a Troll Fighter on Aug 25, 2021.
             Was an Initiate of the Shining One.
             Slain by a yak (9 damage)
             ... on level 8 of the Dungeon.
             The game lasted 00:12:39 (6114 turns).

funkygono the Basher (Troll Fighter)                Turns: 6114, Time: 00:12:40

Health: -4/98      AC:  7    Str: 28    XL:     10   Next: 7%
Magic:  9/9        EV: 10    Int: 11    God:    the Shining One [......]
Gold:   1474       SH: 11    Dex:  9    Spells: 9/9 levels left

rFire    . . .     SeeInvis .   p - +4 flail (vorpal)
rCold    . . .     Faith    .   c - +1 kite shield
rNeg     . . .     Spirit   .   b - +0 robe
rPois    .         Reflect  .   C - +1 hat {Stlth+}
rElec    .         Harm     .   r - +1 cloak
rCorr    .         Rampage  .   (gloves unavailable)
Will     +....                  (boots unavailable)
Stlth    +.........             i - amulet of the acrobat
HPRegen  1.26/turn              o - +6 ring of intelligence
MPRegen  0.11/turn              w - ring of willpower

@: glowing
A: large, unfitting armour, claws 3, regeneration 1, shaggy fur 1, tough skin 1
a: Renounce Religion


You were on level 8 of the Dungeon.
You worshipped the Shining One.
The Shining One was noncommittal.
You visited 2 branches of the dungeon, and saw 9 of its levels.
You also visited: Sewer.

You collected 1684 gold pieces.
You spent 210 gold pieces at shops.

Inventory:

Hand Weapons
 a - a +1 flail
 h - a +0 whip
 p - a +4 vorpal flail (weapon)
Missiles
 e - 223 stones (quivered)
 q - 3 throwing nets
Armour
 b - a +0 robe (worn)
 c - a +1 kite shield (worn)
 r - a +1 cloak (worn)
 C - a +1 hat of stealth (worn)
Magical Staves
 B - a staff of cold
Jewellery
 i - an amulet of the acrobat (around neck)
 o - a +6 ring of intelligence (left claw)
 t - a +6 ring of intelligence
 w - a ring of willpower (right claw)
Wands
 f - a wand of digging (6)
 n - a wand of flame (14)
 v - a wand of acid (17)
 y - a wand of mindburst (4)
 z - a wand of charming (10)
Scrolls
 g - a scroll of fear
 l - 3 scrolls of teleportation
 x - a scroll of brand weapon {unknown}
 D - a scroll of identify
 E - a scroll of enchant weapon
Potions
 d - a potion of might
 j - a potion of attraction
 k - a potion of berserk rage
 m - 5 potions of flight
 s - a potion of invisibility {unknown}
 u - a potion of brilliance
 A - 2 potions of curing


   Skills:
 + Level 5.8 Fighting
 + Level 8.9 Maces & Flails
 + Level 5.9 Dodging
 + Level 6.0 Shields


You had 9 spell levels left.
You didn't know any spells.
Your spell library contained the following spells:

 Spells                   Type           Power      Damage    Failure   Level
 Summon Small Mammal      Summ           0%         N/A       56%         1
 Call Canine Familiar     Summ           0%         N/A       90%         3
 Summon Guardian Golem    Hex/Summ       0%         N/A       90%         3


Dungeon Overview and Level Annotations

Branches:
Dungeon (8/15)             Temple (1/1) D:7           Sewer (visited)
   Lair: D:8-11

Altars:
Ashenzari
Cheibriados
Dithmenos
Elyvilon
Gozag
Hepliaklqana
Kikubaaqudgha
Makhleb
Nemelex Xobeh
Okawaru
Qazlal
Ru
Sif Muna
Trog
Uskayaw
Vehumet
Wu Jian
Xom
Yredelemnul
Zin
The Shining One

Shops:
D:8 ?


Innate Abilities, Weirdness & Mutations

You are too large for most types of armour.
You have claws for hands.
Your natural rate of healing is unusually fast.
You are covered in fur. (AC +1)
You have tough skin. (AC +1)


Message History

The warg is lightly wounded.
The warg closely misses you.
You closely miss the warg.
The warg is lightly wounded.
The warg completely misses you.
You barely miss the warg.
The warg is lightly wounded.
The warg misses you. The warg bites you!
* * * LOW HITPOINT WARNING * * *
You sock the warg!
The warg is heavily wounded.
You block the warg's attack.
You sock the warg!
The warg is almost dead.
The warg barely misses you.
You thump the warg!
You kill the warg!
You hit the orc warrior but do no damage.
The orc warrior hits you with a +0 dire flail!
* * * LOW HITPOINT WARNING * * *
You sock the orc warrior!
The orc warrior is heavily wounded.
You block the orc warrior's attack.
You hit the orc warrior but do no damage.
The orc warrior is heavily wounded.
The orc warrior completely misses you.
You sock the orc warrior!
The orc warrior is almost dead.
The orc warrior hits you with a +0 dire flail!
* * * LOW HITPOINT WARNING * * *
You barely miss the orc warrior.
The orc warrior is almost dead.
You block the orc warrior's attack.
You hit the orc warrior.
You kill the orc warrior!
Your Shields skill increases to level 6!
You sock the yak!
The yak is heavily wounded.
The yak gores you!
You die...

#...# #.#.###.# #.#
##.#######.#.###.###.#
........>............#
##.##..###.#..##..####
##.##..###.#..##..#
##............)...#
#####..#####.####.# ###
h.. .......#####.####)#
#.. .g.
.............h.Y@.# #.. Y.
...###.####...##### #h#Y.
>#.###.# #...# #.#h
....##.## #...# ###h.
........# #.hh# #.o$##
..))<...# #...# #.#..#
#.#.###.###..>######o#..##
...)...[........h....##..#
..#..............h.......#


You could see a yak and a wolf.

Vanquished Creatures
  Psyche (D:8)
  A hornet (D:7)
  Grinder (D:5)
  Sigmund (D:2)
  A wyvern (D:7)
  A yak (D:8)
  Grum (D:8)
  A steam dragon (D:8)
  A warg (D:8)
  Menkaure (D:6)
  2 water moccasins
  An orc warrior (D:8)
  An ice beast (D:5)
  A black bear (D:5)
  3 necrophages
  2 ogres (D:5)
  A wolf (D:8)
  A phantom (D:7)
  A bullfrog (D:8)
  2 scorpions
  A water moccasin zombie (D:6)
  A water moccasin skeleton (D:6)
  5 howler monkeys
  A bullfrog zombie (D:5)
  3 hounds
  A jelly (D:4)
  A centaur zombie (D:6)
  5 orc priests
  A bullfrog skeleton (D:4)
  A centaur skeleton (D:5)
  Natasha (twice) (D:2)
  2 iguanas
  A merfolk siren (Sewer)
  5 orc wizards
  A scorpion zombie (D:5)
  A merfolk avatar (Sewer)
  A hound skeleton (D:4)
  A howler monkey zombie (D:8)
  7 gnolls (D:4)
  2 river rats (Sewer)
  6 adders
  A shadow imp (D:6)
  3 white imps
  An ufetubus (D:6)
  2 adder skeletons (D:4)
  2 worms
  A dart slug (D:3)
  18 orcs
  8 ball pythons
  2 bats
  7 endoplasms
  5 giant cockroaches
  9 goblins
  8 hobgoblins
  11 quokkas
  7 frilled lizards
  7 kobolds
  25 rats
191 creatures vanquished.

Vanquished Creatures (others)
  An orc wizard (D:5)
  An orc (D:8)
  A plant (D:8)
3 creatures vanquished.

Grand Total: 194 creatures vanquished

Notes
Turn   | Place    | Note
-------+----------+-------------------------------------------
     0 | D:1      | funkygono the Troll Fighter began the quest for the Orb.
     0 | D:1      | Reached XP level 1. HP: 22/22 MP: 0/0
   168 | D:1      | Reached XP level 2. HP: 29/29 MP: 1/1
   281 | D:1      | Reached skill level 2 in Maces & Flails
   482 | D:1      | Found a faded altar of an unknown god.
   717 | D:2      | Noticed Natasha
   725 | D:2      | Killed Natasha
   726 | D:2      | Reached XP level 3. HP: 36/36 MP: 2/2
   811 | D:2      | Noticed Natasha
   818 | D:2      | Killed Natasha
   819 | D:2      | Reached XP level 4. HP: 39/44 MP: 3/3
  1012 | D:2      | Noticed Sigmund
  1027 | D:2      | Killed Sigmund
  1028 | D:2      | Reached skill level 3 in Maces & Flails
  1028 | D:2      | Reached XP level 5. HP: 36/53 MP: 4/4
  1255 | D:2      | Found a shadowy altar of Dithmenos.
  1483 | D:3      | Found a glowing drain.
  1492 | Sewer    | Entered a sewer
  1566 | Sewer    | Reached XP level 6. HP: 61/61 MP: 5/5
  2406 | D:3      | Reached skill level 4 in Maces & Flails
  2715 | D:3      | Identified a scroll of acquirement
  2715 | D:3      | Acquired 1240 gold pieces
  2816 | D:4      | Reached XP level 7. HP: 64/67 MP: 6/6
  3095 | D:4      | Reached skill level 5 in Maces & Flails
  3536 | D:5      | Entered Level 5 of the Dungeon
  3669 | D:5      | Reached XP level 8. HP: 64/78 MP: 7/7
  3873 | D:5      | Found an opulent altar of Gozag.
  3883 | D:5      | Reached skill level 6 in Maces & Flails
  3976 | D:5      | Noticed Grinder
  3986 | D:5      | Paralysed by Grinder for 3 turns
  3993 | D:5      | Paralysed by Grinder for 4 turns
  3998 | D:5      | Killed Grinder
  3999 | D:5      | Reached skill level 7 in Maces & Flails
  4458 | D:6      | Reached skill level 5 in Dodging
  4502 | D:6      | Reached skill level 5 in Shields
  4507 | D:6      | Noticed Menkaure
  4515 | D:6      | Killed Menkaure
  4516 | D:6      | Reached XP level 9. HP: 65/85 MP: 8/8
  4920 | D:6      | Acquired a +0 hat of stealth
  5068 | D:7      | Found a staircase to the Ecumenical Temple.
  5090 | D:7      | Reached skill level 5 in Fighting
  5099 | D:7      | Reached skill level 8 in Maces & Flails
  5108 | Temple   | Entered the Ecumenical Temple
  5195 | Temple   | Became a worshipper of the Shining One
  5429 | D:7      | Paralysed by a hornet for 1 turns
  5786 | D:8      | Found Iruezuw's Magic Scroll Boutique.
  5795 | D:8      | Noticed Psyche
  5808 | D:8      | Killed Psyche
  5843 | D:8      | Bought a scroll of enchant armour for 105 gold pieces
  5843 | D:8      | Bought a scroll of enchant armour for 105 gold pieces
  6058 | D:8      | Noticed Grum
  6101 | D:8      | Killed Grum
  6102 | D:8      | Reached XP level 10. HP: 30/98 MP: 9/9
  6111 | D:8      | HP: 1/98 [orc warrior (17)]
  6114 | D:8      | Slain by a yak

Illustrated notes

Levels and vault maps discovered:
D:1:      dpeg_arrival_simpleton_a, layout_loops_ring,
          dreamdust_ecumenical_altar_angels_and_demons
D:2:      layout_basic, basic_altar, uniq_sigmund, uniq_natasha
D:3:      layout_loops_corners, cheibrodos_sewer_entry_sluice
D:4:      layout_loops_ring
D:5:      layout_basic, minmay_ruined_shrine, uniq_grinder
D:6:      layout_basic, uniq_menkaure
D:7:      layout_cave_pools, minmay_temple_entry_grid, nrook_uturn
D:8:      layout_loops_cross, erik_lair_orcish_takeover, serial_shops,
          nicolae_shop_stone, uniq_psyche, uniq_maurice, uniq_grum
Temple:   kilobyte_greek_temple

Skill      XL: |  1  2  3  4  5  6  7  8  9 10 |
---------------+-------------------------------+-----
Maces & Flails | 2 3 4 5 7 8 |  8.9
Dodging        | 3 4 5 |  5.9
Shields        | 3 4 5 6 |  6.0
Fighting       | 3 4 5 |  5.8

Action                   |  1- 3 |  4- 6 |  7- 9 | 10-12 || total
-------------------------+-------+-------+-------+-------++-------
Melee: Flail             |    93 |   265 |   330 |    13 ||   701
  Use: Scroll            |     3 |     5 |    10 |       ||    18
       Potion            |       |       |     1 |       ||     1
Armor: Robe              |    29 |    68 |    61 |       ||   158
Dodge: Dodged            |    25 |    89 |   142 |     5 ||   261
Block: Kite shield       |    44 |   123 |   196 |     3 ||   366
